 Dungeon Crawl Stone Soup version 0.31-a0-940-gdaa99269f9 (webtiles) character file.

Game seed: 2349406272971630882

45 protoss039 the Digger (level 3, -6/27 HPs)
             Began as a Demonspawn Earth Elementalist on Oct 20, 2023.
             Mangled by Grinder (8 damage)
             ... while paralysed by Grinder
             ... on level 3 of the Dungeon.
             The game lasted 00:02:59 (2040 turns).

protoss039 the Digger (DsEE)                        Turns: 2040, Time: 00:02:59

Health: -6/27      AC:  4    Str:  8    XL:     3   Next: 42%
Magic:  3/6        EV:  2    Int: 18    God:
Gold:   121        SH:  0    Dex: 13    Spells: 1/7 levels left

rFire   . . .        d - +0 hand axe
rCold   . . .        (no shield)
rNeg    . . .        o - +0 leather armour
rPois   .            (no helmet)
rElec   .            (no cloak)
rCorr   .            (no gloves)
SInv    +            (no boots)
Will    .....        (no amulet)
Stlth   ++           m - ring of see invisible
HPRegen 0.24/turn    (no ring)
MPRegen 0.10/turn

%: no passive effects
@: paralysed, mighty, very slightly contaminated
A: sharp scales 1
a: no special abilities


You were on level 3 of the Dungeon.
You visited 1 branch of the dungeon, and saw 3 of its levels.

You collected 121 gold pieces.

Inventory:

Hand Weapons
 d - a +0 hand axe (weapon)
Armour
 a - a +0 robe
 o - a +0 leather armour (worn)
Jewellery
 m - a ring of see invisible (left hand)
Wands
 h - a wand of flame (16)
Scrolls
 c - 3 scrolls of identify {unknown}
 e - 2 scrolls of blinking {unknown}
 f - a scroll of enchant armour {unknown}
 g - a scroll of enchant weapon {unknown}
 i - a scroll of revelation {unknown}
 k - 2 scrolls of teleportation {unknown}
Potions
 b - a potion of magic
 l - a potion of curing {unknown}
 n - a potion of lignification {unknown}


   Skills:
 + Level 1.7 Fighting
 - Level 1.7 Dodging
 - Level 1.7 Stealth
 + Level 2.5 Spellcasting
 - Level 0.8 Transmutations
 + Level 3.2 Earth Magic


You had one spell level left.
You knew the following spells:

 Your Spells              Type           Power      Damage    Failure   Level
a - Sandblast             Erth           26%        2d8       7%          1
b - Passwall              Tmut/Erth      7%         N/A       16%         2
c - Stone Arrow           Conj/Erth      16%        3d8       36%         3

Your spell library contained the following spells:

 Spells                   Type           Power      Damage    Failure   Level
 Petrify                  Tmut/Erth      9%         N/A       71%         4
 Animate Armour           Summ/Erth      16%        N/A       77%         4
 Brom's Barrelling Bould  Conj/Erth      8%         2d3       77%         4
 Lee's Rapid Deconstruct  Erth           6%         3d6*      88%         5
 Summon Lightning Spire   Summ/Air       2%         N/A       94%         4


Dungeon Overview and Level Annotations

Branches:
Dungeon (3/15) Zot: 15933

Altars:
Fedhas

Shops:
D:2 *

Annotations:
D:3 1 transporter, Grinder


Innate Abilities, Weirdness & Mutations

You are partially covered in razor-sharp scales. (AC +1, Slay +1)


Message History

You suddenly lose the ability to move!
Grinder barely misses you.
You can move again.
Unknown command.
Unknown command.
Unknown command.
Casting: Sandblast (safe; 7% risk of failure)
Confirm with . or Enter, or press ? or * to list all spells.
Aiming: Sandblast (safe; 7% risk of failure)
Press: ? - help, Shift-Dir - straight line, f/p - Grinder
Aim: Grinder (moderately wounded, 80% to hit)
The blast of sand hits Grinder but does no damage.
Grinder is moderately wounded.
Grinder hits you!
You writhe in agony.
Unknown command.
Casting: Sandblast (safe; 7% risk of failure)
Confirm with . or Enter, or press ? or * to list all spells.
Aiming: Sandblast (safe; 7% risk of failure)
Press: ? - help, Shift-Dir - straight line, f/p - Grinder
Aim: Grinder (moderately wounded, 80% to hit)
You miscast Sandblast.
You are very lightly contaminated with residual magic.
Nothing appears to happen.
Grinder hits you.
You writhe in agony.
Unknown command.
It was a potion of might.
You feel very mighty all of a sudden. Grinder hits you but does no damage.
Unknown command.
You closely miss Grinder.
Grinder is moderately wounded.
Grinder hits you. Grinder gestures at you.
You suddenly lose the ability to move!
Grinder hits you.
* * * LOW HITPOINT WARNING * * *
You writhe in agony.
* * * LOW HITPOINT WARNING * * *
Grinder hits you!
You die...
Grinder says, "Now the real fun starts!"

...... .>...
.... ... #..
#.# #†#######
#.†@5...#
####....#
#...)# #....##
## #.....#
.#############
#.....#
.............#
#.....######
.###########.#
####.......#
## #.#
#........


You could see Grinder.

Vanquished Creatures
  An adder (D:2)
  An orc (D:3)
  5 ball pythons
  5 endoplasms
  A giant cockroach (D:3)
  3 goblins
  2 hobgoblins
  2 jackals (D:3)
  4 bats
  3 frilled lizards
  A kobold (D:2)
  3 rats
31 creatures vanquished.

Notes
Turn   | Place    | Note
-------+----------+-------------------------------------------
     0 | D:1      | protoss039 the Demonspawn Earth Elementalist began the
                  | quest for the Orb.
     0 | D:1      | Reached XP level 1. HP: 13/13 MP: 3/3
   463 | D:1      | Gained mutation: You are partially covered in razor-sharp
                  | scales. (AC +1, Slay +1) [demonic ancestry]
   463 | D:1      | Reached XP level 2. HP: 20/20 MP: 3/5
   565 | D:1      | You fall into a shaft and drop 1 floor!
   565 | D:2      | Found a blossoming altar of Fedhas.
   566 | D:2      | Found Qinin's Assorted Antiques.
   635 | D:2      | Reached skill level 1 in Fighting
   635 | D:2      | Reached skill level 3 in Earth Magic
  1284 | D:1      | Learned a level 2 spell: Passwall
  1347 | D:2      | Reached XP level 3. HP: 26/26 MP: 3/6
  1911 | D:3      | Learned a level 3 spell: Stone Arrow
  1912 | D:3      | Found a transporter.
  2017 | D:3      | Noticed Grinder
  2033 | D:3      | Paralysed by Grinder for 2 turns
  2038 | D:3      | Paralysed by Grinder for 3 turns
  2040 | D:3      | Mangled by Grinder

Illustrated notes

Levels and vault maps discovered:
D:1:      scummos_arrival_checkerplants, layout_loops_corners
D:2:      layout_loops_ring, serial_forest, infiniplex_forest_straight_4,
          infiniplex_forest_clump_small, infiniplex_forest_lined_2,
          infiniplex_forest_lined_3, infiniplex_forest_pool, serial_shops, shop,
          basic_altar
D:3:      gammafunk_steamed_eel, layout_basic, uniq_grinder

Skill      XL: |  1  2 |
---------------+-------+-----
Fighting       | 1 |  1.7
Earth Magic    | 3 |  3.2
Dodging        | |  1.7
Stealth        | |  1.7
Spellcasting   | |  2.5
Transmutations | |  0.8

Action                     || total
---------------------------++-------
  Melee: Hand axe          ||    22
   Cast: Sandblast         ||    35
  Evoke: Wand              ||     2
    Use: Potion            ||     1
   Stab: Sleeping          ||     1
 Armour: Robe              ||    11
         Leather armour    ||    15
  Dodge: Dodged            ||    17

Table legend: (Time is in decaauts)
 A = Elapsed time spent in this place.
 B = Non-inter-level travel time spent in this place.
 C = Inter-level travel time spent in this place.
 D = Time resting spent in this place.
 E = Time spent auto-exploring this place.
 F = Levels seen in this place.
 G = Mean time per level.
                   A        B        C        D        E       F      G
               +--------+--------+--------+--------+--------+-----+--------+
         Total |   2065 |   1870 |    195 |      0 |   1635 |   3 |  688.3 |
       Dungeon |   2065 |   1870 |    195 |      0 |   1635 |   3 |  688.3 |
               +--------+--------+--------+--------+--------+-----+--------+

Top non-repeatable levels by time:
     D:1: 1145 daAuts
     D:2: 779 daAuts
     D:3: 140 daAuts
